 Dungeon Crawl Stone Soup version 0.30.1-9-gdf580d7c3d (webtiles) character file.

Game seed: 454252008357473438

492 DrMo the Trooper (level 6, -4/56 HPs)
             Began as a Draconian Monk on Sept 25, 2023.
             Was an Elder of Kikubaaqudgha.
             Slain by a killer bee (6 damage)
             ... on level 4 of the Dungeon.
             The game lasted 00:08:03 (4391 turns).

DrMo the Trooper (Draconian Monk)                   Turns: 4391, Time: 00:08:04

Health: -4/56      AC:  9    Str: 15    XL:     6   Next: 91%
Magic:  6/6        EV: 18    Int: 10    God:    Kikubaaqudgha [****..]
Gold:   163        SH:  4    Dex: 14    Spells: 5/5 levels left

rFire   . .          .
                       - Unarmed
rCold   . . .        n - +0 buckler
rNeg    . . .        (body armour unavailable)
rPois   +            (helmet restricted)
rElec   .            y - +2 cloak
rCorr   .            (no gloves)
SInv    .            (no boots)
Will    .....        (no amulet)
Stlth   +            m - +5 ring of evasion
HPRegen 0.29/turn    k - ring of poison resistance
MPRegen 0.10/turn

%: no passive effects
@: lethally poisoned (-4 -> -5)
A: AC +6, unfitting armour, cold-blooded
a: Renounce Religion, Unearth Wretches


You were on level 4 of the Dungeon.
You worshipped Kikubaaqudgha.
Kikubaaqudgha was greatly pleased with you.
You visited 1 branch of the dungeon, and saw 5 of its levels.

You collected 302 gold pieces.
You spent 139 gold pieces at shops.

Inventory:

Armour
 b - an orb of light
 n - a +0 buckler (worn)
 y - a +2 cloak (worn)
Jewellery
 k - a ring of poison resistance (right hand)
 m - a +5 ring of evasion (left hand)
Wands
 z - a wand of polymorph (10)
Scrolls
 c - a scroll of summoning {unknown}
 d - a scroll of teleportation
 i - a scroll of fear
 l - a scroll of noise {unknown}
 o - a scroll of silence {unknown}
 p - a scroll of enchant weapon {unknown}
 q - a scroll of poison {unknown}
 r - 3 scrolls of torment
 s - a scroll of brand weapon {unknown}
 u - 2 scrolls of blinking
 v - a scroll of magic mapping {unknown}
Potions
 a - a potion of ambrosia
 e - a potion of brilliance
 f - a potion of haste
 g - 5 potions of curing
 h - a potion of magic {unknown}
 j - a potion of cancellation
 t - a potion of attraction {unknown}
 w - 2 potions of degeneration {unknown}
 x - a potion of lignification {unknown}


   Skills:
 + Level 5.1 Fighting
 + Level 3.9 Dodging
 + Level 2.3 Shields
 + Level 4.7 Unarmed Combat
 - Level 2.5 Necromancy


You had 5 spell levels left.
You didn't know any spells.
Your spell library contained the following spells:

 Spells                   Type           Power      Damage    Failure   Level
 Necrotise                Necr           20%        1d5       19%         1
 Kiss of Death            Conj/Necr      8%         2d6       30%         1
 Cigotuvi's Dreadful Rot  Necr/Pois/Air  2%         N/A       47%         2
 Vampiric Draining        Necr           5%         2d6       47%         3
 Confusing Touch          Hex            0%         N/A       83%         3
 Volatile Blastmotes      Fire/Tloc      0%         2d10      83%         3
 Dispel Undead            Necr           5%         3d7       87%         4
 Fulminant Prism          Conj/Hex       0%         3d5       99%         4
 Iskenderun's Mystic Bla  Conj/Tloc      0%         2d3       99%         4
 Agony                    Necr           5%         N/A       99%         5
 Lee's Rapid Deconstruct  Erth           0%         3d4*      100%        5
 Death Channel            Necr           2%         N/A       100%        6
 Simulacrum               Ice/Necr       1%         N/A       100%        6


Dungeon Overview and Level Annotations

Branches:
Dungeon (5/15)             Temple (0/1) D:4

Altars:
Kikubaaqudgha

Shops:
D:2 :[

Annotations:
D:5 Blork the orc


Innate Abilities, Weirdness & Mutations

Your plain brown scales are hard. (AC +6)
You cannot fit into any form of body armour.
You are cold-blooded and may be slowed by cold attacks.


Message History

The killer bee stings you. The killer bee misses you.
The killer bee stings you. You block the killer bee's attack.
The killer bee misses you. The killer bee closely misses you.
The killer bee attacks as you move away!
The killer bee misses you.
The killer bee attacks as you move away!
The killer bee completely misses you.
The killer bee stings you but does no damage.
The killer bee barely misses you.
The killer bee attacks as you move away!
The killer bee stings you.
You are poisoned.
The killer bee poisons you!
You feel sick. The killer bee closely misses you.
The killer bee completely misses you. The killer bee closely misses you.
There is a stone staircase leading up here.
You feel sick. The killer bee closely misses you. The killer bee stings you.
The killer bee stings you but does no damage.
The killer bee barely misses you.
Blork the orc casts a spell.
Blork the orc seems to speed up.
The killer bee misses you. x2
The killer bee stings you.
* * * LOW HITPOINT WARNING * * *
The killer bee closely misses you.
You climb upwards.
You feel sick.
There is a stone staircase leading down here.
You miss the killer bee.
You feel sick. The killer bee misses you. The killer bee barely misses you.
The killer bee completely misses you. The killer bee stings you.
* * * LOW HITPOINT WARNING * * *
The killer bee closely misses you. The killer bee stings you.
* * * LOW HITPOINT WARNING * * *
The killer bee completely misses you. You block the killer bee's attack.
You barely miss the killer bee.
* * * LOW HITPOINT WARNING * * *
You feel sick. You block the killer bee's attack.
The killer bee stings you but does no damage.
The killer bee stings you.
You die...
Kikubaaqudgha rasps: "You have failed me!
Welcome... death!"

#...........##......#...##..
#...........##..#...........
#...........#..###..##......
## ##..........#..#
######..... .###
#.........#..## ###....
...#####.......##..#
###......
##...####.....##..##
##........
###....##...###.y#
#.........
##...........#y@##
#.........
##........#....yy#
#.........
#.......#######..#
#......... ........# #.>#
#......... ........#
####.### #.........
..#....## ##......##
##........ .##....#
##........# #........
##....## #........##
##....... ##...## #........#
##......


You could see 4 killer bees.

Vanquished Creatures
  2 scorpions
  2 hounds (D:4)
  Natasha (thrice) (D:4)
  An orc wizard (D:4)
  A gnoll (D:4)
  9 adders
  An ufetubus (D:4)
  3 worms
  2 dart slugs (D:1)
  11 orcs
  7 endoplasms
  7 goblins
  5 hobgoblins
  11 jackals
  8 kobolds
  6 quokkas
  15 ball pythons
  9 bats
  4 frilled lizards
  A rat (D:3)
108 creatures vanquished.

Vanquished Creatures (others)
  A quokka (D:4)
1 creature vanquished.

Grand Total: 109 creatures vanquished

Notes
Turn   | Place    | Note
-------+----------+-------------------------------------------
     0 | D:1      | DrMo the Draconian Monk began the quest for the Orb.
     0 | D:1      | Reached XP level 1. HP: 19/19 MP: 1/1
   242 | D:1      | Reached XP level 2. HP: 15/26 MP: 2/2
   524 | D:1      | Reached XP level 3. HP: 30/33 MP: 3/3
   550 | D:1      | Found a faded altar of an unknown god.
   563 | D:1      | Prayed at the altar of an unknown god.
   563 | D:1      | Became a worshipper of Kikubaaqudgha
   563 | D:1      | Reached * piety under Kikubaaqudgha
   563 | D:1      | Received a gift from Kikubaaqudgha
   563 | D:1      | Reached ** piety under Kikubaaqudgha
   598 | D:1      | Reached skill level 4 in Fighting
  1207 | D:2      | Reached *** piety under Kikubaaqudgha
  1207 | D:2      | Received a gift from Kikubaaqudgha
  1283 | D:2      | Found Zypnoxouwe's Book Shop.
  1573 | D:2      | Reached XP level 4. HP: 40/40 MP: 4/4
  1623 | D:2      | Found Obias's Antique Armour Emporium.
  1995 | D:3      | Reached skill level 1 in Necromancy
  2171 | D:3      | Reached XP level 5. HP: 44/47 MP: 5/5
  2626 | D:3      | Reached **** piety under Kikubaaqudgha
  2780 | D:3      | Reached skill level 1 in Shields
  3199 | D:4      | Found a staircase to the Ecumenical Temple.
  3214 | D:4      | Noticed Natasha
  3230 | D:4      | Reached XP level 6. HP: 45/53 MP: 2/6
  3233 | D:4      | Killed Natasha
  3367 | D:4      | Found a sand-covered staircase.
  3607 | D:4      | Noticed Natasha
  3621 | D:4      | Killed Natasha
  3648 | D:4      | Reached skill level 5 in Fighting
  3763 | D:4      | Noticed Natasha
  3773 | D:4      | Killed Natasha
  4146 | D:2      | Bought a cloak for 139 gold pieces
  4251 | D:5      | Entered Level 5 of the Dungeon
  4369 | D:5      | Noticed Blork the orc
  4391 | D:4      | HP: 2/56 [poisoned by a killer bee]
  4391 | D:4      | Slain by a killer bee

Illustrated notes

Levels and vault maps discovered:
D:1:      mushboom_english_gardens, layout_loops_ring,
          ebering_ecumenical_altar_mist, minmay_tromino_mix6
D:2:      layout_rooms, serial_shops, nicolae_shop_pleasant_corner_grove,
          nicolae_book_shop_shelving, serial_bayou_pond_d, grunt_ministairs_11,
          kennysheep_nub
D:3:      layout_basic, minmay_snake_closets
D:4:      layout_cave_pods, minmay_temple_entry_mini_moons,
          nicolae_ossuary_entry_ruins, kennysheep_big_empty_room, uniq_natasha
D:5:      layout_rooms, uniq_blork_the_orc

Skill      XL: |  1  2  3  4  5  6 |
---------------+-------------------+-----
Fighting       | 4 5 |  5.1
Dodging        | 3 |  3.9
Unarmed Combat | 4 |  4.7
Necromancy     | 1 2 |  2.5
Shields        | 1 2 |  2.3

Action                     |  1- 3 |  4- 6 || total
---------------------------+-------+-------++-------
  Melee: Unarmed           |   121 |   290 ||   411
         Tailslap          |    21 |    35 ||    56
 Invoke: Unearth Wretches  |       |     1 ||     1
    Use: Scroll            |     1 |    10 ||    11
         Potion            |       |     2 ||     2
   Stab: Sleeping          |       |     2 ||     2
 Armour: Skin              |    39 |    63 ||   102
  Dodge: Dodged            |    77 |   245 ||   322
  Block: Buckler           |       |    58 ||    58
